 Dungeon Crawl Stone Soup version 0.31.0-11-ge490571c62 (webtiles) character file.

Game seed: 14838434758680011683

109 Zeor the Twirler (level 4, -6/27 HPs)
             Began as a Gargoyle Gladiator on Feb 4, 2024.
             Mangled by Sigmund
             ... wielding a +1 scythe of distortion
              (18 damage)
             ... on level 3 of the Dungeon.
             The game lasted 00:05:39 (1875 turns).

Zeor the Twirler (Gargoyle Gladiator)               Turns: 1875, Time: 00:05:40

Health: -6/27      AC: 11    Str: 19    XL:     4   Next: 90%
Magic:  0/4        EV: 10    Int:  9    God:
Gold:   79         SH:  0    Dex: 11    Spells: 3/3 levels left

rFire   . . .        a - +0 quarterstaff
rCold   . . .        (shield currently unavailable)
rNeg    + . .        m - +0 scale mail
rPois   ∞            c - +0 helmet
rElec   +            (no cloak)
rCorr   .            (no gloves)
SInv    .            (no boots)
Will    .....        b - amulet of guardian spirit Stlth
                     (no ring)
HPRegen 0.24/turn    (no ring)
MPRegen 0.09/turn

%: guardian spirit
@: hasted, very quick
A: sickness immunity, AC +3, negative energy resistance 1, electricity
resistance, torment resistance 1, petrification resistance
a: no special abilities


You were on level 3 of the Dungeon.
You visited 1 branch of the dungeon, and saw 3 of its levels.

You collected 79 gold pieces.

Inventory:

Hand Weapons
 a - a +0 quarterstaff (weapon)
Missiles
 d - 3 throwing nets (quivered)
 e - a javelin
Armour
 c - a +0 helmet (worn)
 m - a +0 scale mail (worn)
Jewellery
 b - an amulet of guardian spirit (around neck)
Scrolls
 g - a scroll of identify
 i - a scroll of teleportation
Potions
 f - a potion of brilliance
 h - a potion of enlightenment
 j - a potion of heal wounds
 l - a potion of haste


   Skills:
 + Level 2.5 Fighting
 + Level 4.1 Staves
 + Level 1.9 Throwing
 + Level 1.3 Armour
 + Level 3.2 Dodging
 + Level 1.1 Stealth


You had 3 spell levels left.
You didn't know any spells.
Your spell library was empty.

Dungeon Overview and Level Annotations

Branches:
Dungeon (3/15)

Altars:
Ashenzari

Annotations:
D:3 Sigmund


Innate Abilities, Weirdness & Mutations

You are immune to sickness and miasma.
Your stone body is resilient. (AC +3)
You are immune to poison.
You resist negative energy. (rN+)
You are resistant to electric shocks. (rElec)
You are resistant to unholy torment.
You are immune to petrification.


Message History

Found a stone staircase leading down.
Found a ring mail.
Sigmund and a goblin come into view.
Sigmund is wielding a +1 scythe of distortion.
Sigmund shouts!
Sigmund moves out of view.
You aren't carrying any items that you can evoke.
Okay, then.
Sigmund gestures at you while chanting.
You are confused.
You bump into the rock wall.
You bump into the rock wall.
Okay, then.
The goblin closely misses you.
You closely miss the goblin.
You feel less confused. The goblin completely misses you.
You closely miss the goblin. The goblin hits you with a +0 club.
You miss the goblin. The goblin hits you but does no damage.
You sock the goblin!
You kill the goblin!
Sigmund closely misses you.
You see here a +0 club.
You thump Sigmund!
Sigmund is moderately wounded.
Sigmund hits you but does no damage. Space warps around you.
Okay, then.
You hit Sigmund.
Sigmund is heavily wounded.
Sigmund hits you with a +1 scythe of distortion.
You blink.
You feel yourself speed up. Sigmund barely misses you.
You thump Sigmund!
Sigmund is almost dead.
Sigmund hits you with a +1 scythe of distortion.
Space warps horribly around you!!
Ouch! That really hurt!
You die...
Sigmund begins carving another notch in his scythe.

∙▒▒∙▒∙▒∙▒▒▒▒∙∙∙▒ ∙'∙∙▒∙▒
▒▒▒▒▒'▒▒ ∙▒▒▒▒∙▒ ∙∙∙▒∙▒
∙∙∙∙▒∙▒ ▒∙▒∙▒∙▒▒ ▒▒▒∙▒∙▒
▒>∙∙∙∙∙▒▒ ▒▒▒∙▒∙▒
▒▒∙(▒∙∙∙▒▒▒▒▒∙▒
)∙∙∙▒'▒∙∙∙∙∙∙∙∙∙∙∙∙∙∙∙▒
)[∙∙∙∙∙∙▒▒▒▒▒▒▒∙∙▒▒▒▒▒▒▒▒▒


∙∙∙∙∙∙∙∙■∙∙∙∙∙∙∙9∙∙∙∙∙∙∙∙∙ ∙∙∙∙∙∙∙∙▒▒▒▒▒▒▒▒@▒▒▒▒▒▒∙▒▒ ∙∙∙∙∙∙∙∙▒ ▒∙∙∙[∙▒
∙∙∙∙∙∙∙∙▒ ▒▒▒▒∙∙∙∙∙▒ ∙∙∙∙∙∙∙∙▒ ∙∙∙∙▒ ∙∙∙∙∙∙∙∙▒ ∙∙∙∙ ∙∙∙∙∙∙∙∙▒ ∙∙∙ ∙∙ ∙ You could
see Sigmund.

Vanquished Creatures
  Terence (D:3)
  4 gnolls (D:2)
  2 dart slugs
  4 endoplasms
  4 giant cockroaches
  2 goblins
  3 hobgoblins (D:1)
  2 jackals (D:1)
  2 quokkas
  4 ball pythons (D:1)
  2 bats (D:1)
  2 frilled lizards
  7 kobolds
  5 rats
44 creatures vanquished.

Notes
Turn   | Place    | Note
-------+----------+-------------------------------------------
     0 | D:1      | Zeor the Gargoyle Gladiator began the quest for the Orb.
     0 | D:1      | Reached XP level 1. HP: 12/12 MP: 1/1
    77 | D:1      | Reached XP level 2. HP: 3/17 MP: 2/2
   372 | D:1      | Reached XP level 3. HP: 21/21 MP: 3/3
  1020 | D:2      | Found a broken altar of Ashenzari.
  1099 | D:2      | Reached skill level 1 in Stealth
  1171 | D:2      | Reached XP level 4. HP: 11/27 MP: 1/4
  1173 | D:2      | Reached skill level 1 in Armour
  1766 | D:3      | Noticed Terence
  1781 | D:3      | Killed Terence
  1782 | D:3      | Reached skill level 4 in Staves
  1855 | D:3      | Noticed Sigmund
  1875 | D:3      | Mangled by Sigmund

Illustrated notes

Levels and vault maps discovered:
D:1:      minmay_arrival_glassed_features, layout_loops_ring
D:2:      layout_loops_ring, basic_altar
D:3:      layout_basic, uniq_sigmund, uniq_terence, uniq_natasha

Skill      XL: |  1  2  3  4 |
---------------+-------------+-----
Stealth        | 1 |  1.1
Dodging        | 3 |  3.2
Armour         | 1 |  1.3
Staves         | 4 |  4.1
Fighting       | |  2.5
Throwing       | |  1.9

Action                     |  1- 3 |  4- 6 || total
---------------------------+-------+-------++-------
  Melee: Quarterstaff      |    84 |    38 ||   122
    Use: Scroll            |     5 |     1 ||     6
         Potion            |     3 |     1 ||     4
 Armour: Leather armour    |    20 |       ||    20
         Ring mail         |    19 |    13 ||    32
         Skin              |    48 |       ||    48
         Scale mail        |       |     5 ||     5
  Dodge: Dodged            |    53 |    26 ||    79
